 Dungeon Sprint DCSS version 0.30.1-11-g7821555f0a (webtiles) character file.

Game seed: 18328322420638882507

655 Heoruswealwe the Spear-Bearer (level 7, -10/72 HPs)
             Began as a Minotaur Fighter on Nov 3, 2023.
             Was an Initiate of Gozag.
             Mangled by a troll (11 damage)
             ... in the Dungeon (Sprint IX: "|||||||||||||||||||||||||||||").
             The game lasted 00:01:38 (153 turns).

Heoruswealwe the Spear-Bearer (Minotaur Fighter)     Turns: 153, Time: 00:01:39

Health: -10/72     AC:  8    Str: 22    XL:     7   Next: 29%
Magic:  6/6        EV:  9    Int:  5    God:    Gozag
Gold:   225        SH:  4    Dex: 10    Spells: 6/6 levels left

rFire   . . .        a - +0 trident
rCold   . . .        d - +0 buckler
rNeg    . . .        c - +0 scale mail
rPois   .            (helmet restricted)
rElec   .            (no cloak)
rCorr   .            (no gloves)
SInv    .            (no boots)
Will    .....        (no amulet) Stlth
                     (no ring)
HPRegen 0.32/turn    (no ring)
MPRegen 0.10/turn

%: no teleportation
@: gold aura, slowed, very slow
A: horns 2, retaliatory headbutt
a: Renounce Religion, Potion Petition, Call Merchant, Bribe Branch


You were in the Dungeon.
You worshipped Gozag.
Gozag was aware of your devotion.
You visited 1 branch You collected 225 gold pieces.

Inventory:

Hand Weapons
 a - a +0 trident (weapon)
Armour
 c - a +0 scale mail (worn)
 d - a +0 buckler (worn)
Jewellery
 k - a +3 ring of intelligence
 l - a +3 ring of dexterity
Wands
 j - a wand of light (10)
Scrolls
 h - a scroll of blinking
Potions
 b - a potion of might
 e - 4 potions of curing
 f - 2 potions of heal wounds
 g - a potion of haste
 i - a potion of berserk rage


   Skills:
 + Level 10.2 Fighting
 * Level 13.5 Polearms
 + Level 10.2 Armour
 - Level 3.6 Shields


You had 6 spell levels left.
You didn't know any spells.
Your spell library was empty.

Dungeon Overview and Level Annotations

Branches:
Dungeon (1/1)

Altars:
Cheibriados
Dithmenos
Elyvilon
Fedhas
Gozag
Hepliaklqana
Kikubaaqudgha
Makhleb
Nemelex Xobeh
Okawaru
Qazlal
Ru
Sif Muna
Trog
Uskayaw
Vehumet
Wu Jian
Xom
Yredelemnul
Zin
The Shining One
Jiyva
Lugonu


Innate Abilities, Weirdness & Mutations

You have a pair of horns on your head.
You reflexively headbutt those who attack you in melee.


Message History

You hit the hornet but do no damage.
The hornet is heavily wounded.
The hornet is distracted by your dazzling golden aura.
You closely miss the hornet.
The hornet is no longer distracted by gold.
The hornet buzzes angrily.
Your headbutt misses the hornet.
The hornet is heavily wounded.
The hornet barely misses you. You block the hornet's attack.
You puncture the hornet! You headbutt the hornet!
You kill the hornet!
Your Fighting skill increases to level 10!
Your Polearms skill increases to level 13!
Your Armour skill increases to level 10!
You have reached level 7!
You puncture the troll!
The troll is moderately wounded.
The troll bites you! The troll claws you!
* * * LOW HITPOINT WARNING * * *
The troll closely misses you.
You hit the troll. Your headbutt misses the troll.
The troll is moderately wounded.
The troll bites you.
* * * LOW HITPOINT WARNING * * *
The troll claws you but does no damage. The troll claws you.
* * * LOW HITPOINT WARNING * * *
You hit the troll. Your headbutt misses the troll.
The troll is heavily wounded.
The troll barely misses you. The troll claws you!
* * * LOW HITPOINT WARNING * * *
The troll barely misses you.
You hit the troll but do no damage.
The troll is moderately wounded.
The troll bites you.
* * * LOW HITPOINT WARNING * * *
The troll barely misses you. The troll claws you.
* * * LOW HITPOINT WARNING * * *
The troll bites you!
You die...
Your body crumbles into a pile of gold.

▓+▓
▓.▓
$
▓.▓
$
▓.▓
$ $
▓.▓
$
▓.▓
$
▓T▓
▓@▓
$
▓.▓
▓.▓
$
▓[▓
▓[▓
$
▓[▓
▓.▓
$
▓)▓
$
▓?▓
$


You could see a troll.

Vanquished Creatures
  A hornet (D)
  A yak (D)
  A wyvern (D)
  2 howler monkeys (D)
  A jelly (D)
  An iguana (D)
  An orc wizard (D)
  An adder (D)
  A dart slug (D)
  An orc (D)
  A bat (D)
  An endoplasm (D)
  A goblin (D)
  A kobold (D)
15 creatures vanquished.

Notes
Turn   | Place    | Note
-------+----------+-------------------------------------------
     0 | D        | Heoruswealwe the Minotaur Fighter began the quest for the
                  | Orb.
     0 | D        | Reached XP level 1. HP: 19/19 MP: 0/0
     7 | D        | Reached skill level 3 in Polearms
    14 | D        | Reached skill level 4 in Polearms
    21 | D        | Noticed a howler monkey
    21 | D        | Noticed a jelly
    21 | D        | Noticed an iguana
    25 | D        | Found a snail-covered altar of Cheibriados.
    25 | D        | Found a shadowy altar of Dithmenos.
    25 | D        | Found a white marble altar of Elyvilon.
    25 | D        | Found a blossoming altar of Fedhas.
    25 | D        | Found an opulent altar of Gozag.
    26 | D        | Found a hazy altar of Hepliaklqana.
    27 | D        | Found a viscous altar of Jiyva.
    28 | D        | Found an ancient bone altar of Kikubaaqudgha.
    29 | D        | Found a corrupted altar of Lugonu.
    30 | D        | Found a burning altar of Makhleb.
    31 | D        | Found a sparkling altar of Nemelex Xobeh.
    32 | D        | Found an iron altar of Okawaru.
    33 | D        | Became a worshipper of Gozag Ym Sagoz the Greedy
    37 | D        | Killed a howler monkey
    38 | D        | Reached skill level 5 in Fighting
    38 | D        | Reached skill level 6 in Polearms
    38 | D        | Reached skill level 5 in Armour
    38 | D        | Reached XP level 2. HP: 11/29 MP: 1/1
    38 | D        | Reached XP level 3. HP: 14/36 MP: 2/2
    43 | D        | Reached skill level 7 in Polearms
    43 | D        | Reached XP level 4. HP: 36/44 MP: 3/3
    57 | D        | Reached skill level 8 in Polearms
    80 | D        | Found a stormy altar of Qazlal.
    81 | D        | Found a sacrificial altar of Ru.
    82 | D        | Found a shimmering blue altar of Sif Muna.
    83 | D        | Found a bloodstained altar of Trog.
    84 | D        | Found a hide-covered altar of Uskayaw.
    85 | D        | Found a radiant altar of Vehumet.
    86 | D        | Found an ornate altar of the Wu Jian Council.
    87 | D        | Found a shimmering altar of Xom.
    88 | D        | Found a basalt altar of Yredelemnul.
    89 | D        | Found a glowing silver altar of Zin.
    90 | D        | Found a glowing golden altar of the Shining One.
   114 | D        | Noticed a troll
   114 | D        | Noticed a hornet
   114 | D        | Noticed a yak
   114 | D        | Noticed a wyvern
   123 | D        | Reached skill level 9 in Polearms
   123 | D        | Reached XP level 5. HP: 52/52 MP: 4/4
   125 | D        | Killed a wyvern
   126 | D        | Reached skill level 11 in Polearms
   126 | D        | Reached XP level 6. HP: 62/62 MP: 5/5
   141 | D        | Killed a yak
   142 | D        | Reached skill level 12 in Polearms
   149 | D        | Killed a hornet
   150 | D        | Reached skill level 10 in Fighting
   150 | D        | Reached skill level 13 in Polearms
   150 | D        | Reached skill level 10 in Armour
   150 | D        | Reached XP level 7. HP: 42/72 MP: 6/6
   153 | D        | HP: 1/72 [troll (4)]
   153 | D        | Mangled by a troll

Illustrated notes

Levels and vault maps discovered:
D:        linesprint [early_d, line_temple, items_1, d_10, items_2, lair_1,
          lair_end, items_3, orc_1, orc_end, items_4, d_15, swamp_1, shoals_1,
          snake_1, spider_1, d_20, vaults_1, items_5, swamp_end, shoals_end,
          snake_end, spider_end, vaults_end, d_27, items_6, zot_1, zot_end,
          crypt_end, forest_end, elf_end, slime_end, tomb_end, abyss_end,
          pan_hell_end]

Skill      XL: |  1  2  3  4  5  6 |
---------------+-------------------+-----
Polearms       | 6 7 9 11 13 | 13.5
Fighting       | 5 6 7 8 10 | 10.2
Armour         | 5 6 7 8 10 | 10.2
Shields        | |  3.6

Action                     |  1- 3 |  4- 6 |  7- 9 || total
---------------------------+-------+-------+-------++-------
  Melee: Trident           |    16 |    46 |     4 ||    66
         Headbutt          |     1 |     9 |       ||    10
    Use: Scroll            |     1 |       |       ||     1
         Potion            |     1 |     1 |       ||     2
 Armour: Scale mail        |     7 |    10 |     1 ||    18
  Dodge: Dodged            |     8 |    17 |     4 ||    29
  Block: Buckler           |     2 |     7 |       ||     9
